 Dungeon Crawl Stone Soup version 0.27.1-33-g824d729ab1 (webtiles) character file.

Game seed: 10852123552497316274

137 jlumianski the Ducker (level 5, 0/47 HPs)
             Began as a Gnoll Monk on Dec 23, 2021.
             Was a Priest of Elyvilon.
             Slain by Grinder (8 damage)
             ... while paralysed by Grinder
             ... on level 3 of the Dungeon.
             The game lasted 00:09:39 (2901 turns).

jlumianski the Ducker (Gnoll Monk)                  Turns: 2901, Time: 00:09:39

Health: 0/47       AC:  2    Str: 12    XL:     5   Next: 20%
Magic:  6/7        EV:  2    Int:  9    God:    Elyvilon [***...]
Gold:   100        SH:  0    Dex: 14    Spells: 6/6 levels left

rFire    . . .     SeeInvis .   a - +1 hand axe
rCold    . . .     Faith    .   (no shield)
rNeg     . . .     Spirit   .   b - +0 robe
rPois    .         Reflect  .   (no helmet)
rElec    .         Harm     .   (no cloak)
rCorr    .         Rampage  .   (no gloves)
Will     .....                  (no boots)
Stlth    +++.......             (no amulet)
HPRegen  0.15/turn              (no ring)
MPRegen  0.10/turn              (no ring)

@: paralysed
A: fangs 1, strong nose, distributed training
a: Renounce Religion, Lesser Healing, Heal Other, Purification, Divine
Protection


You were on level 3 of the Dungeon.
You worshipped Elyvilon.
Elyvilon was most pleased with you.
You visited 1 branch of the dungeon, and saw 3 of its levels.

You collected 100 gold pieces.

Inventory:

Hand Weapons
 a - a +1 hand axe (weapon)
Missiles
 d - 56 arrows
 e - 21 sling bullets
 g - 19 stones (quivered)
Armour
 b - a +0 robe (worn)
Magical Staves
 i - a staff of fire
Scrolls
 h - a scroll of teleportation
Potions
 c - 2 potions of berserk rage
 f - a potion of curing


   Skills:
 + Level 6.6 Fighting
 + Level 1.4 Short Blades
 + Level 1.4 Long Blades
 + Level 6.6 Axes
 + Level 1.4 Maces & Flails
 + Level 1.4 Polearms
 + Level 1.4 Staves
 + Level 1.4 Slings
 + Level 1.4 Bows
 + Level 1.4 Crossbows
 + Level 1.4 Throwing
 + Level 1.4 Armour
 + Level 6.6 Dodging
 + Level 4.3 Stealth
 + Level 1.4 Shields
 + Level 1.4 Unarmed Combat
 + Level 1.4 Spellcasting
 + Level 1.1 Conjurations
 + Level 1.1 Hexes
 + Level 1.1 Summonings
 + Level 1.1 Necromancy
 + Level 1.1 Translocations
 + Level 1.1 Transmutations
 + Level 1.1 Fire Magic
 + Level 1.1 Ice Magic
 + Level 1.1 Air Magic
 + Level 1.1 Earth Magic
 + Level 1.1 Poison Magic
 + Level 1.5 Invocations
 + Level 1.4 Evocations


You had 6 spell levels left.
You didn't know any spells.
Your spell library was empty.

Dungeon Overview and Level Annotations

Branches:
Dungeon (3/15)

Altars:
Elyvilon

Annotations:
D:3 Grinder


Innate Abilities, Weirdness & Mutations

You have very sharp teeth.
Your uncanny sense of smell can sniff out nearby items.
Your experience applies equally to all skills.


Message History

Grinder is heavily wounded.
Grinder hits you.
You writhe in agony.
You closely miss Grinder.
Grinder is heavily wounded.
Grinder barely misses you.
You hit Grinder. You bite Grinder, but do no damage.
Grinder is heavily wounded.
Grinder barely misses you.
You closely miss Grinder.
Grinder is heavily wounded.
Grinder completely misses you.
You hit Grinder.
Grinder is heavily wounded.
Grinder blinks!
Grinder blinks!
Grinder blinks!
You hit Grinder.
Grinder is heavily wounded.
Grinder hits you.
You writhe in agony.
You hit Grinder.
Grinder is heavily wounded.
Grinder says, "Don't move a muscle."
Grinder misses you.
You hit Grinder.
Grinder is severely wounded.
Grinder hits you but does no damage.
You don't know any spells.
You are healed.
Grinder closely misses you.
You hit Grinder.
Grinder is severely wounded.
Grinder hits you!
* * * LOW HITPOINT WARNING * * *
You writhe in agony.
* * * LOW HITPOINT WARNING * * *
You hit Grinder. You bite Grinder.
Grinder is almost dead.
Grinder gestures at you.
You suddenly lose the ability to move!
Grinder hits you!
You die...

..##.# #.#### #.... ..##.# #.....
#.... ..##.###..... #####
..##......... .####........ ..#
.....###########
..####....##........#############
.†.......# #....$<..'............
......#..# #....@...#############
......# ># #....5...# ......# #
########## ......# ......#
......# ......# #.##### #.#


You could see Grinder.

Vanquished Creatures
  Natasha (D:2)
  5 adders
  3 worms
  4 dart slugs
  3 endoplasms
  3 giant cockroaches
  6 hobgoblins
  4 jackals (D:3)
  3 quokkas
  5 ball pythons
  4 bats
  3 frilled lizards
  4 goblins
  4 rats
52 creatures vanquished.

Notes
Turn   | Place    | Note
-------+----------+-------------------------------------------
     0 | D:1      | jlumianski the Gnoll Monk began the quest for the Orb.
     0 | D:1      | Reached XP level 1. HP: 23/23 MP: 1/1
   195 | D:1      | Reached XP level 2. HP: 25/29 MP: 2/2
   542 | D:1      | Reached XP level 3. HP: 35/35 MP: 3/3
  1007 | D:2      | Found a faded altar of an unknown god.
  1352 | D:1      | Reached skill level 1 in Invocations
  1573 | D:3      | Noticed Grinder
  1628 | D:2      | Reached skill level 1 in Short Blades
  1628 | D:2      | Reached skill level 1 in Long Blades
  1628 | D:2      | Reached skill level 1 in Maces & Flails
  1628 | D:2      | Reached skill level 1 in Polearms
  1628 | D:2      | Reached skill level 1 in Staves
  1628 | D:2      | Reached skill level 1 in Slings
  1628 | D:2      | Reached skill level 1 in Bows
  1628 | D:2      | Reached skill level 1 in Crossbows
  1628 | D:2      | Reached skill level 1 in Throwing
  1628 | D:2      | Reached skill level 1 in Armour
  1628 | D:2      | Reached skill level 1 in Shields
  1628 | D:2      | Reached skill level 1 in Unarmed Combat
  1628 | D:2      | Reached skill level 1 in Spellcasting
  1628 | D:2      | Reached skill level 1 in Evocations
  1855 | D:2      | Reached XP level 4. HP: 41/41 MP: 5/5
  1872 | D:2      | Noticed Natasha
  2020 | D:2      | Became a worshipper of Elyvilon the Healer
  2020 | D:2      | Reached * piety under Elyvilon
  2020 | D:2      | Reached ** piety under Elyvilon
  2335 | D:2      | Killed Natasha
  2336 | D:2      | Reached skill level 1 in Conjurations
  2336 | D:2      | Reached skill level 1 in Hexes
  2336 | D:2      | Reached skill level 1 in Summonings
  2336 | D:2      | Reached skill level 1 in Necromancy
  2336 | D:2      | Reached skill level 1 in Translocations
  2336 | D:2      | Reached skill level 1 in Transmutations
  2336 | D:2      | Reached skill level 1 in Fire Magic
  2336 | D:2      | Reached skill level 1 in Ice Magic
  2336 | D:2      | Reached skill level 1 in Air Magic
  2336 | D:2      | Reached skill level 1 in Earth Magic
  2336 | D:2      | Reached skill level 1 in Poison Magic
  2410 | D:2      | Reached XP level 5. HP: 47/47 MP: 6/6
  2580 | D:3      | Reached *** piety under Elyvilon
  2900 | D:3      | Paralysed by Grinder for 7 turns
  2901 | D:3      | Slain by Grinder

Illustrated notes

Levels and vault maps discovered:
D:1:      onia_arrival_mini_spirals, layout_basic, serial_bayou_pond_a
D:2:      layout_basic, shapermc_ecumenical_altar_venn, serial_park_tiny_pond,
          uniq_natasha
D:3:      layout_basic, uniq_grinder

Skill      XL: |  1  2  3  4 |
---------------+-------------+-----
Invocations    | 1 |  1.5
Short Blades   | 1 |  1.4
Long Blades    | 1 |  1.4
Maces & Flails | 1 |  1.4
Polearms       | 1 |  1.4
Staves         | 1 |  1.4
Slings         | 1 |  1.4
Bows           | 1 |  1.4
Crossbows      | 1 |  1.4
Throwing       | 1 |  1.4
Armour         | 1 |  1.4
Shields        | 1 |  1.4
Unarmed Combat | 1 |  1.4
Spellcasting   | 1 |  1.4
Evocations     | 1 |  1.4
Conjurations   | 1 |  1.1
Hexes          | 1 |  1.1
Summonings     | 1 |  1.1
Necromancy     | 1 |  1.1
Translocations | 1 |  1.1
Transmutations | 1 |  1.1
Fire Magic     | 1 |  1.1
Ice Magic      | 1 |  1.1
Air Magic      | 1 |  1.1
Earth Magic    | 1 |  1.1
Poison Magic   | 1 |  1.1
Fighting       | |  6.6
Axes           | |  6.6
Dodging        | |  6.6
Stealth        | |  4.3

Action                   |  1- 3 |  4- 6 || total
-------------------------+-------+-------++-------
Melee: Hand axe          |    99 |    77 ||   176
       Bite              |     5 |    10 ||    15
       Punch             |     1 |       ||     1
       Unarmed           |       |     4 ||     4
Throw: Stone             |       |     8 ||     8
Invok: Lesser Healing    |       |     1 ||     1
  Use: Scroll            |     3 |     1 ||     4
       Potion            |       |     1 ||     1
 Stab: Sleeping          |     7 |     5 ||    12
Armor: Robe              |    17 |     4 ||    21
Dodge: Dodged            |    62 |    59 ||   121
